 Dungeon Crawl Stone Soup version 0.24-a0-108-g011bc4b (webtiles) character file.

Game seed: 1532956329431328814

1505 wolfsongas the Fighter (level 8, -7/80 HPs)
             Began as a Minotaur Berserker on Feb 14, 2019.
             Was an Elder of Trog.
             Mangled by an ogre
             ... wielding a +0 giant club
              (22 damage)
             ... on level 7 of the Dungeon.
             The game lasted 00:08:39 (5211 turns).

wolfsongas the Fighter (Minotaur Berserker)         Turns: 5211, Time: 00:08:40

Health: -7/80      AC: 12    Str: 25    XL:     8   Next: 52%
Magic:  7/7        EV:  9    Int:  4    God:    Trog [****..]
Gold:   307        SH:  0    Dex:  9    Spells: 7/7 levels left

rFire    + . .     SeeInvis .   a - +0 hand axe
rCold    + . .     Gourm    .   (no shield)
rNeg     + . .     Faith    .   g - +0 chain mail
rPois    +         Spirit   .   (helmet restricted)
rElec    +         Reflect  .   (no cloak)
rCorr    +         Harm     .   t - +2 pair of gloves
MR       .....                  (no boots)
Stlth    ..........             (no amulet)
HPRegen  0.23/turn              e - ring of positive energy
MPRegen  0.10/turn              (no ring)

@: resistant
A: retaliatory headbutt, horns 2
a: Berserk, Trog's Hand, Brothers in Arms, Renounce Religion


You were on level 7 of the Dungeon.
You worshipped Trog.
Trog was greatly pleased with you.
You were not hungry.

You visited 1 branch of the dungeon, and saw 7 of its levels.
You also visited: Sewer.

You collected 307 gold pieces.

Inventory:

Hand Weapons
 a - a +0 hand axe (weapon)
 f - a +0 spear
Armour
 g - a +0 chain mail (worn)
 t - a +2 pair of gloves (worn)
Jewellery
 e - a ring of positive energy (left hand)
Wands
 p - a wand of iceblast (6)
 u - a wand of acid (6)
Scrolls
 h - 4 scrolls of teleportation
 l - 2 scrolls of immolation
 m - a scroll of remove curse
Potions
 b - a potion of degeneration
 d - 7 potions of curing
 i - 4 potions of might
 j - a potion of haste
 k - a potion of heal wounds
 o - a potion of flight
 r - a potion of agility {unknown}
 s - a potion of cancellation
Comestibles
 c - 8 rations


   Skills:
 + Level 10.5 Fighting
 + Level 8.2 Axes
 + Level 4.0 Armour
 - Level 2.1 Dodging


You had 7 spell levels left.
You didn't know any spells.
Your spell library was empty.

Dungeon Overview and Level Annotations

Branches:
Dungeon (7/15)             Temple (0/1) D:7

Altars:


Innate Abilities, Weirdness & Mutations

You reflexively headbutt those who attack you in melee.
You have a pair of horns on your head.


Message History

You are too injured to fight recklessly!
You are too injured to fight recklessly!
You slash the ogre! You headbutt the ogre.
You kill the ogre!
Trog accepts your kill.
Your Armour skill increases to level 4!
The ogre hits you with a +0 giant club.
Things that are here:
a +0 giant club; an ogre corpse You hit the ogre.
Your headbutt misses the ogre.
The ogre is lightly wounded.
The ogre hits you with a +0 giant club!
* * * LOW HITPOINT WARNING * * *
The crimson imp blinks!
You hit the ogre.
The ogre is lightly wounded.
You barely miss the ogre. Your headbutt misses the ogre.
The ogre is lightly wounded.
The ogre hits you with a +0 giant club!!
You die...

#.<# #.>#.# #<.#
#.##.#### #..#
#.##.... # #..#
#.#...# .# ...#
#.#..#... ...#
##......#
###...###...#..##
.#.....#.#..#
.####..O@..##
#......?#
....#...#.#
.###........ .
......>##.#
#........ .#
#.....#.> #
...... ...


You could see an ogre.

Vanquished Creatures
  A water moccasin (D:4)
  An ice beast (D:5)
  5 ogres
  3 bullfrogs
  A big kobold (Sewer)
  A howler monkey (D:5)
  2 crimson imps (D:6)
  An orc priest (D:6)
  An orc wizard (D:3)
  Jessica (D:2)
  3 iguanas
  2 worker ants
  A howler monkey zombie (D:5)
  9 adders
  6 gnolls
  A howler monkey skeleton (D:5)
  2 river rats (Sewer)
  An ooze (D:4)
  An adder skeleton (D:5)
  2 worms
  4 dart slugs
  5 leopard geckos
  19 orcs
  A ball python (D:1)
  6 giant cockroaches
  8 goblins
  6 hobgoblins
  9 jackals
  5 kobolds
  2 quokkas
  7 bats
  3 frilled lizards
  A leopard gecko skeleton (D:4)
  7 rats
128 creatures vanquished.

Notes
Turn   | Place    | Note
-------+----------+-------------------------------------------
     0 | D:1      | wolfsongas the Minotaur Berserker began the quest for the
                  | Orb.
     0 | D:1      | Reached XP level 1. HP: 19/19 MP: 0/0
    79 | D:1      | Reached skill level 4 in Fighting
   111 | D:1      | Reached XP level 2. HP: 22/27 MP: 1/1
   513 | D:2      | Reached XP level 3. HP: 32/34 MP: 2/2
   550 | D:2      | Reached skill level 5 in Fighting
   552 | D:2      | Reached ** piety under Trog
   817 | D:2      | Reached XP level 4. HP: 42/42 MP: 3/3
   981 | D:2      | Noticed Jessica
   984 | D:2      | Killed Jessica
  1356 | D:3      | Reached skill level 6 in Fighting
  1380 | D:3      | Reached skill level 5 in Axes
  1380 | D:3      | Reached XP level 5. HP: 49/50 MP: 4/4
  1983 | D:3      | Reached *** piety under Trog
  2145 | D:4      | Reached skill level 7 in Fighting
  2145 | D:4      | Reached XP level 6. HP: 47/60 MP: 5/5
  2445 | D:4      | Noticed a water moccasin
  2455 | D:4      | Killed a water moccasin
  2455 | D:4      | Reached skill level 8 in Fighting
  2655 | D:4      | Reached XP level 7. HP: 49/68 MP: 6/6
  2752 | D:4      | You fall through a shaft!
  2752 | D:5      | Entered Level 5 of the Dungeon
  2771 | D:5      | Found a glowing drain.
  2790 | Sewer    | Entered a sewer
  3068 | Sewer    | Found a white marble altar of Elyvilon.
  3205 | D:5      | Reached **** piety under Trog
  3205 | D:5      | Reached skill level 9 in Fighting
  3291 | D:5      | Reached XP level 8. HP: 31/79 MP: 7/7
  4255 | D:6      | Reached skill level 10 in Fighting
  5201 | D:7      | Found a staircase to the Ecumenical Temple.
  5211 | D:7      | Mangled by an ogre

Levels and vault maps discovered:
D:1:      dpeg_arrival_rooms_b, layout_basic
D:2:      layout_basic, uniq_jessica
D:3:      layout_rooms, first_ration, minmay_misc_feat_tower,
          minmay_strange_pillars
D:4:      layout_loops_ring, serial_rivers, chequers_serial_rivers_large_a,
          chequers_serial_rivers_micro_a, chequers_serial_rivers_micro_d,
          chequers_serial_rivers_micro_a, chequers_serial_rivers_micro_b,
          kennysheep_generic_room_13
D:5:      layout_cave_pools, portal_sewer_entry_f
D:6:      layout_layer_cave
D:7:      layout_rooms, marbit_many_paths, minmay_temple_entry_drinking_statues,
          serial_shops, nicolae_shop_trees
Sewer:    sewer_kobolds

Skill      XL: |  1  2  3  4  5  6  7  8 |
---------------+-------------------------+-----
Fighting       | 4 5 6 7 8 9 10 | 10.5
Axes           | 4 5 6 7 8 |  8.2
Armour         | 4 |  4.0
Dodging        | |  2.1

Action                   |  1- 3 |  4- 6 |  7- 9 || total
-------------------------+-------+-------+-------++-------
Melee: Hand axe          |    46 |   132 |   147 ||   325
       Headbutt          |     4 |    19 |    24 ||    47
Invok: Berserk           |       |     2 |       ||     2
  Use: Potion            |     1 |     3 |     3 ||     7
       Scroll            |       |     6 |     4 ||    10
 Stab: Sleeping          |     1 |       |       ||     1
  Eat: Ration            |     1 |       |     2 ||     3
       Chunk             |       |     4 |     1 ||     5
Armor: Animal skin       |     9 |     9 |       ||    18
       Skin              |       |    31 |       ||    31
       Chain mail        |       |    29 |    52 ||    81
Dodge: Dodged            |    29 |    60 |    47 ||   136

Table legend:
 A = Non-vault XP
 B = Vault XP
 C = Vault XP percentage of total XP
 D = Non-vault monster count
 E = Vault monster count
 F = Vault count percentage of total count
                 A         B        C        D         E       F
            +---------+---------+-------+---------+---------+-------
      Total |    1975 |     176 |   8.2 |     112 |      16 |  12.5
            +---------+---------+-------+---------+---------+-------
        D:1 |      31 |       0 |   0.0 |      19 |       0 |   0.0
        D:2 |      94 |      37 |  28.2 |      16 |       1 |   5.9
        D:3 |     189 |       0 |   0.0 |      29 |       0 |   0.0
        D:4 |     408 |       0 |   0.0 |      17 |       0 |   0.0
        D:5 |     561 |      12 |   2.1 |      12 |       5 |  29.4
        D:6 |     486 |       0 |   0.0 |      17 |       0 |   0.0
        D:7 |     206 |       0 |   0.0 |       2 |       0 |   0.0
      Sewer |       0 |     127 | 100.0 |       0 |      10 | 100.0
            +---------+---------+-------+---------+---------+-------
